[Event "Titled Tuesday Blitz June 6 Early 2023"]
[White "Bas Mas, Jose Joaquin"]
[Black "Napoli, Nicolo"]
[WhiteFideId "22219064"]
[BlackFideId "813702"]
[WhiteElo "2212"]
[BlackElo "2308"]
[Result "1/2-1/2"]
[Round "2"]
[TimeControl "180+2"]
[Date "2023.06.06"]
[WhiteClock "0:00:30"]
[BlackClock "0:00:11"]
[Board "163"]

1. d4 d5 2. Nc3 Nf6 3. Bf4 e6 4. Nb5 Na6 5. e3 c6 6. Nc3 Nc7 7. Nf3 Nh5 8. Bg5 f6 9. Bh4 g6 10. Bd3 Be7 11. g4 Ng7 12. Qe2 O-O 13. O-O-O e5 14. dxe5 fxe5 15. Bxe7 Qxe7 16. Nd2 e4 17. Ndxe4 dxe4 18. Nxe4 Nd5 19. a3 Nf6 20. Nxf6+ Qxf6 21. f4 Qe7 22. h4 Be6 23. f5 gxf5 24. gxf5 Bxf5 25. Bc4+ Be6 26. Rhg1 Bxc4 27. Qxc4+ Qf7 28. Qg4 Qg6 29. Qxg6 hxg6 30. Rxg6 Kh7 31. Rgg1 Rad8 32. Rd4 Rxd4 33. exd4 Rf4 34. c3 Rxh4 35. Re1 Nf5 36. Re8 Rg4 37. Rf8 Kg6 38. Rb8 Rg1+ 39. Kc2 Nd6 40. Kb3 Kf5 41. c4 Rg3+ 42. Kb4 a5+ 43. Kc5 Ne4+ 44. Kb6 Rb3+ 45. Kc7 b5 46. Kxc6 bxc4 47. Rxb3 cxb3 48. Kb5 Nd2 49. Kxa5 Ke4 50. Kb4 Kxd4 51. a4 Kd5 52. Kc3 Ne4+ 53. Kxb3 Nc5+ 54. Ka3 Nb7 55. Kb4 Kc6 56. a5 Nd6 57. Ka4 Kb7 58. b4 Nc4 59. b5 Nd6 60. Kb4 Nxb5 61. Kxb5 Ka7 62. Kc6 Ka8 63. Kb6 Kb8 64. a6 Ka8 65. a7 1/2-1/2


[Site "https://www.chess.com"]

[Event "Titled Tuesday Blitz June 6 Early 2023"]
[White "Tifferet, Shaked"]
[Black "Yonal, Timur"]
[WhiteFideId "2811529"]
[BlackFideId "44115725"]
[WhiteElo "2142"]
[BlackElo "1966"]
[Result "0-1"]
[Round "2"]
[TimeControl "180+2"]
[Date "2023.06.06"]
[WhiteClock "0:00:01"]
[BlackClock "0:00:32"]
[Board "164"]

1. d4 d5 2. c4 e6 3. Nc3 a6 4. e3 dxc4 5. Bxc4 b5 6. Be2 Bb7 7. Bf3 Qc8 8. a4 b4 9. Ne4 Be7 10. Ne2 Nf6 11. Qc2 O-O 12. O-O Nbd7 13. Bd2 Nxe4 14. Bxe4 Bxe4 15. Qxe4 c5 16. dxc5 Nxc5 17. Qxb4 Rb8 18. Qa3 Qb7 19. Bc3 Nb3 20. Qa2 a5 21. Rad1 Rfd8 22. Nd4 Nxd4 23. Rxd4 Rxd4 24. Bxd4 Bf6 25. Bxf6 gxf6 26. Rb1 Qb4 27. h3 Kg7 28. Rc1 f5 29. Rc4 Qe1+ 30. Kh2 Qxf2 31. Rf4 Qxe3 32. Rf3 Qe5+ 33. Rg3+ Kh8 34. b3 Rg8 35. Qf2 h5 36. Qf3 f4 37. Rxg8+ Kxg8 38. b4 axb4 39. a5 Qxa5 40. Qxf4 Qc5 41. Kh1 Kf8 42. Qb8+ Ke7 43. Qb7+ Kf6 44. Qf3+ Qf5 45. Qb3 Qf4 46. Qb2+ e5 47. Qe2 b3 48. Qb5 Qc1+ 49. Kh2 b2 50. Qb6+ Kg7 0-1


[Site "https://www.chess.com"]

[Event "Titled Tuesday Blitz June 6 Early 2023"]
[White "Palacio,Igor Da Paz"]
[Black "Mrithyunjay Mahadevan"]
[WhiteFideId "2121140"]
[BlackFideId "45003521"]
[WhiteElo "2126"]
[BlackElo "1626"]
[Result "1-0"]
[Round "2"]
[TimeControl "180+2"]
[Date "2023.06.06"]
[WhiteClock "0:01:39"]
[BlackClock "0:02:26"]
[Board "165"]

1. e4 e5 2. Nf3 Nc6 3. Bb5 a6 4. Ba4 b5 5. Bb3 Bc5 6. Qe2 Nf6 7. a4 b4 8. Bxf7+ Kxf7 9. Qc4+ d5 10. Qxc5 Qd6 11. Qxc6 Qxc6 12. Nxe5+ Ke8 13. Nxc6 dxe4 14. Nxb4 c5 15. Na2 Bb7 16. O-O Kd7 17. Nac3 Rhf8 18. d3 exd3 19. cxd3 Rae8 20. Be3 Kc6 21. Ne4 Nxe4 22. dxe4 Rxe4 23. Nd2 Re5 24. Nc4 Re4 25. Na5+ Kc7 26. Nxb7 Kxb7 27. Bxc5 Rff4 28. Be3 Rh4 29. g3 Rh5 30. b3 Kc6 31. Rac1+ 1-0


[Site "https://www.chess.com"]

[Event "Titled Tuesday Blitz June 6 Early 2023"]
[White "Vyatkin, Dmitry"]
[Black "Kuzmin, Ilya"]
[WhiteFideId "4171900"]
[BlackFideId "4153863"]
[WhiteElo "2279"]
[BlackElo "2093"]
[Result "1-0"]
[Round "2"]
[TimeControl "180+2"]
[Date "2023.06.06"]
[WhiteClock "0:01:18"]
[BlackClock "0:01:16"]
[Board "166"]

1. d4 Nf6 2. c4 c5 3. d5 b5 4. cxb5 a6 5. bxa6 e6 6. Nc3 exd5 7. Nxd5 Nxd5 8. Qxd5 Nc6 9. e4 Be7 10. Nf3 O-O 11. Bc4 Bxa6 12. Bxa6 Qa5+ 13. Qd2 Qxa6 14. Qe2 Nb4 15. Qxa6 Rxa6 16. Ke2 Nc2 17. Rb1 Rxa2 18. Bd2 Bf6 19. e5 Re8 20. Kd3 Na3 21. bxa3 Rxa3+ 22. Bc3 Bd8 23. Ra1 Rxa1 24. Rxa1 g5 25. h3 h5 26. g4 hxg4 27. hxg4 Kh7 28. Ra8 Rg8 29. Bd2 Re8 30. Bxg5 1-0


[Site "https://www.chess.com"]

[Event "Titled Tuesday Blitz June 6 Early 2023"]
[White "Orujov2008"]
[Black "Rodriguez Polo, Mateo"]
[BlackFideId "24509396"]
[WhiteElo "2486"]
[BlackElo "2117"]
[Result "1-0"]
[Round "2"]
[TimeControl "180+2"]
[Date "2023.06.06"]
[WhiteClock "0:00:54"]
[BlackClock "0:00:02"]
[Board "167"]

1. e4 e6 2. d4 d5 3. Nd2 Nf6 4. e5 Nfd7 5. Bd3 c5 6. c3 Nc6 7. Ne2 cxd4 8. cxd4 f6 9. exf6 Nxf6 10. Nf3 Bd6 11. O-O Qc7 12. Nc3 a6 13. Re1 O-O 14. Qe2 Bd7 15. Bd2 Rae8 16. Rac1 Qb6 17. Na4 Qa7 18. Bc3 b5 19. Nc5 Bc8 20. b4 Qf7 21. Ne5 Qc7 22. f4 Nd7 23. Bb2 Rxf4 24. Nxc6 Qxc6 25. Nxe6 Qb6 26. Bxh7+ Kh8 27. Bg6 Re7 28. Qh5+ Kg8 29. Qh7# 1-0


[Site "https://www.chess.com"]

[Event "Titled Tuesday Blitz June 6 Early 2023"]
[White "Ismayil, Malak"]
[Black "rikchessmx"]
[WhiteFideId "13412604"]
[WhiteElo "1868"]
[BlackElo "2273"]
[Result "0-1"]
[Round "2"]
[TimeControl "180+2"]
[Date "2023.06.06"]
[WhiteClock "0:00:01"]
[BlackClock "0:00:56"]
[Board "168"]

1. e4 e5 2. Nf3 Nc6 3. Bc4 Bc5 4. d3 d6 5. h3 h6 6. Nc3 a6 7. Be3 Nd4 8. Bxd4 exd4 9. Ne2 Qf6 10. c3 dxc3 11. Nxc3 Ne7 12. O-O O-O 13. a3 c6 14. d4 Ba7 15. Re1 Ng6 16. Bf1 Re8 17. Qd3 Nf4 18. Qe3 Bd7 19. Kh2 Bb8 20. g3 Ng6 21. Bg2 Bc7 22. Rad1 Rad8 23. d5 c5 24. a4 Ba5 25. Qd3 b5 26. axb5 axb5 27. Rb1 c4 28. Qe2 Bxc3 29. bxc3 Qxc3 30. Rec1 Qf6 31. Nd2 Qg5 32. f4 Qxd5 33. Re1 Qc5 34. Nf3 f5 35. e5 dxe5 36. fxe5 f4 37. g4 Bc6 38. Qc2 Bxf3 39. Qxg6 Bxg2 40. Kxg2 Rd2+ 41. Kh1 Qd5+ 42. Qe4 Rxe5 43. Qxd5+ Rdxd5 44. Rxe5 Rxe5 45. Kg2 Re3 46. h4 Rg3+ 47. Kf2 Rxg4 48. Rxb5 Rxh4 49. Rc5 Kh7 50. Rxc4 g5 51. Rc7+ Kg6 52. Kg2 Kf5 53. Rc5+ Kg4 54. Rc6 Rh3 55. Rc4 h5 56. Rc5 Rb3 57. Rc2 h4 58. Rd2 Re3 59. Kf2 h3 60. Kg1 Kg3 61. Rd1 Re2 62. Kf1 Ra2 63. Kg1 g4 64. Kh1 f3 65. Rg1+ Kh4 66. Rd1 Re2 67. Rg1 f2 68. Rf1 Re1 69. Kh2 g3+ 70. Kh1 Rxf1# 0-1


[Site "https://www.chess.com"]

[Event "Titled Tuesday Blitz June 6 Early 2023"]
[White "Martin, Lewis"]
[Black "Turzo, Attila"]
[WhiteFideId "410551"]
[BlackFideId "704954"]
[WhiteElo "2145"]
[BlackElo "2479"]
[Result "0-1"]
[Round "2"]
[TimeControl "180+2"]
[Date "2023.06.06"]
[WhiteClock "0:00:12"]
[BlackClock "0:00:11"]
[Board "169"]

1. e4 g6 2. d4 Bg7 3. Nf3 d6 4. Nc3 Nf6 5. Bc4 O-O 6. Qe2 c6 7. a4 d5 8. Bb3 Bg4 9. e5 Nfd7 10. h3 Bxf3 11. Qxf3 e6 12. Ne2 Qb6 13. O-O c5 14. a5 Qb4 15. Qg3 cxd4 16. f4 Nc6 17. Rd1 Nxa5 18. Bd2 Qb5 19. Nxd4 Qc5 20. Bxa5 Rfc8 21. Kh1 b6 22. Bc3 b5 23. Be1 Nb6 24. Bf2 Qb4 25. c3 Qe7 26. Nxb5 Rcb8 27. Nd6 Nc8 28. Nxc8 Rxc8 29. c4 dxc4 30. Bc2 Qb4 31. Qc3 a5 32. Be4 Rab8 33. Rxa5 Qxb2 34. Qxb2 Rxb2 35. Bd4 c3 36. Rc1 Rb4 37. Rxc3 Rxc3 38. Bxc3 Rxe4 39. Ra8+ Bf8 40. Bd2 Kg7 41. Kh2 Bc5 42. g3 Re2+ 43. Kh1 Rxd2 0-1


[Site "https://www.chess.com"]

[Event "Titled Tuesday Blitz June 6 Early 2023"]
[White "Toncheva, Nadya"]
[Black "Cardozo Munar, Carlos Eduardo"]
[WhiteFideId "2924056"]
[BlackFideId "4409477"]
[WhiteElo "2101"]
[BlackElo "2067"]
[Result "0-1"]
[Round "2"]
[TimeControl "180+2"]
[Date "2023.06.06"]
[WhiteClock "0:00:16"]
[BlackClock "0:00:10"]
[Board "170"]

1. d4 d5 2. Nf3 c6 3. c4 Nf6 4. e3 Bf5 5. Nc3 e6 6. Qb3 Qb6 7. c5 Qxb3 8. axb3 Nbd7 9. b4 a6 10. b5 cxb5 11. Nxb5 Rc8 12. Nc3 Ne4 13. Nxe4 Bxe4 14. Be2 e5 15. O-O Be7 16. Bd2 O-O 17. Bc3 Bxf3 18. Bxf3 e4 19. Be2 f5 20. b4 f4 21. exf4 Rxf4 22. Bd2 Rff8 23. b5 axb5 24. Bxb5 Nb8 25. Ra7 Bf6 26. Be3 Nc6 27. Bxc6 bxc6 28. Rfa1 Rb8 29. g3 Rb4 30. Rc7 Bxd4 31. Bxd4 Rxd4 32. Raa7 Rf6 33. Rxg7+ Kf8 34. Rxh7 Kg8 35. Rag7+ Kf8 36. Rc7 Kg8 37. Rhd7 Rc4 38. Rc8+ Rf8 39. Rxc6 Rc2 40. Rg6+ Kh8 41. Rgg7 Rfxf2 42. Rgf7 Rxf7 43. Rxf7 Rxc5 44. h4 Rc2 45. g4 e3 46. Re7 d4 47. h5 d3 48. Kf1 d2 49. Ke2 Rc1 50. Rd7 Re1+ 51. Kf3 d1=Q+ 52. Rxd1 Rxd1 53. Kxe3 Re1+ 54. Kf4 Rg1 55. Kf5 Kg7 56. Kg5 Kh7 57. Kf5 Kh6 58. Kf6 0-1


[Site "https://www.chess.com"]

[Event "Titled Tuesday Blitz June 6 Early 2023"]
[White "Leschinsky, Gary"]
[Black "cristianserban1"]
[WhiteFideId "30951321"]
[WhiteElo "2020"]
[BlackElo "2475"]
[Result "0-1"]
[Round "2"]
[TimeControl "180+2"]
[Date "2023.06.06"]
[WhiteClock "0:00:09"]
[BlackClock "0:00:06"]
[Board "171"]

1. e4 g6 2. d4 Bg7 3. Nc3 a6 4. h4 h5 5. Nf3 c6 6. Ng5 d5 7. Qf3 f6 8. exd5 fxg5 9. Bd3 Qd6 10. Bxg5 Bg4 11. Qe3 cxd5 12. f3 Bf5 13. Bxf5 gxf5 14. O-O-O Nc6 15. Bf4 Bh6 16. Bxh6 Qxh6 17. f4 O-O-O 18. Rhe1 Qd6 19. g3 Nf6 20. Na4 Ne4 21. Rg1 Kb8 22. Nc5 Rhg8 23. Kb1 Rg4 24. Nxe4 fxe4 25. c3 Rdg8 26. Rd2 e6 27. Rdg2 Ne7 28. Qe2 Nf5 29. a3 Nxg3 30. Qe1 Qxf4 31. Rf2 Qh6 32. Rf7 Nf5 33. Rxg4 hxg4 34. Qd1 Qg6 35. Rd7 Qe8 36. Rh7 Rg7 37. Rxg7 Nxg7 38. Qxg4 Nf5 39. h5 Qh8 40. a4 e3 41. Kc1 Qh6 42. Kd1 Ka7 43. Ke2 Ng7 44. Qg6 Qxh5+ 45. Qxh5 Nxh5 46. Kxe3 Kb6 47. b4 Kc6 48. Kf3 Nf6 49. Kf4 Kd6 50. b5 axb5 51. axb5 Ne4 52. c4 Nc3 53. c5+ Ke7 54. b6 Kd7 55. Ke5 Nb5 56. c6+ bxc6 57. b7 Kc7 58. Kxe6 Nxd4+ 0-1


[Site "https://www.chess.com"]

[Event "Titled Tuesday Blitz June 6 Early 2023"]
[White "Bettalli, Francesco"]
[Black "Marchesich, Giovanni"]
[WhiteFideId "2816453"]
[BlackFideId "2824790"]
[WhiteElo "2216"]
[BlackElo "2213"]
[Result "0-1"]
[Round "2"]
[TimeControl "180+2"]
[Date "2023.06.06"]
[WhiteClock "0:02:12"]
[BlackClock "0:00:18"]
[Board "172"]

1. d3 d5 2. Nf3 Nc6 3. g3 e5 4. Bg2 f5 5. O-O Nf6 6. Nbd2 Bd6 7. e4 O-O 8. exd5 Nxd5 9. Nc4 Nb6 10. Nxd6 cxd6 11. c3 Be6 12. Ng5 Qf6 13. Nxe6 Qxe6 14. Qb3 Qxb3 15. axb3 f4 16. b4 a6 17. Bd2 g5 18. Bf3 d5 19. Kg2 Rad8 20. Rad1 Rf6 21. Rfe1 Rfd6 22. Bg4 Kg7 23. h4 gxh4 24. gxf4 Rg6 25. Kh3 e4 26. f5 Rxg4 27. Kxg4 Ne5+ 28. Kh5 Nxd3 29. Bh6+ Kf7 30. Rg1 Nd7 31. Rg7+ Kf6 32. Rxh7 Kxf5 33. Rf7+ Ke5 34. f3 Rh8 35. fxe4 Nf6+ 36. Kg6 dxe4 37. Rxf6 Rxh6+ 38. Kxh6 Kxf6 39. Kh5 h3 40. Kg4 Nf2+ 41. Kg3 Nxd1 42. Kxh3 Nxb2 43. Kg3 Nc4 44. Kf4 e3 45. Kf3 Ke5 46. Ke2 Kd5 47. Kd3 b5 48. Ke2 Ke4 49. Kd1 Kd3 50. Ke1 Kxc3 51. Kd1 Kxb4 52. Ke1 Kc5 53. Kd1 a5 54. Ke1 b4 55. Kd1 a4 56. Ke1 Nb6 57. Kd1 Na8 58. Ke1 Kc4 59. Kd1 b3 60. Ke1 a3 61. Kd1 0-1


[Site "https://www.chess.com"]

[Event "Titled Tuesday Blitz June 6 Early 2023"]
[White "Dubreuil, Julien"]
[Black "Kokoszczynski, Jan"]
[WhiteFideId "621285"]
[BlackFideId "1174460"]
[WhiteElo "2257"]
[BlackElo "2139"]
[Result "1-0"]
[Round "2"]
[TimeControl "180+2"]
[Date "2023.06.06"]
[WhiteClock "0:01:40"]
[BlackClock "0:01:23"]
[Board "173"]

1. e4 c6 2. Nf3 d5 3. exd5 cxd5 4. Ne5 Nc6 5. d4 Nf6 6. Bb5 Bd7 7. Nxd7 Qxd7 8. O-O e6 9. c3 Bd6 10. Re1 a6 11. Bd3 h6 12. Nd2 Qc7 13. Nf3 O-O 14. g3 b5 15. Bd2 Rab8 16. Rc1 Rfc8 17. Qe2 Qb6 18. Ne5 a5 19. Nxf7 Nd8 20. Nxd8 Qxd8 21. Qxe6+ Kh8 22. Bg6 b4 23. cxb4 Rxc1 24. Rxc1 axb4 25. Rc6 Bf8 26. Kg2 Ra8 27. h3 Rxa2 28. Rc8 1-0


[Site "https://www.chess.com"]

[Event "Titled Tuesday Blitz June 6 Early 2023"]
[White "Ljukin, Sergei"]
[Black "Svicevic, Rastko"]
[WhiteFideId "14102200"]
[BlackFideId "916315"]
[WhiteElo "2312"]
[BlackElo "2123"]
[Result "1-0"]
[Round "2"]
[TimeControl "180+2"]
[Date "2023.06.06"]
[WhiteClock "0:00:08"]
[BlackClock "0:00:01"]
[Board "174"]

1. e4 c6 2. d4 d5 3. e5 c5 4. Nf3 cxd4 5. Nxd4 g6 6. c4 Bg7 7. Nc3 Bxe5 8. cxd5 Nf6 9. Bc4 O-O 10. Nf3 Bxc3+ 11. bxc3 Qc7 12. Qd4 Rd8 13. O-O Nc6 14. Qh4 Na5 15. Be2 Rxd5 16. Bg5 Be6 17. Bxf6 Rh5 18. Qd4 exf6 19. Qxf6 Rc8 20. Rac1 Bc4 21. Bxc4 Nxc4 22. h3 Rf5 23. Qh4 Rxf3 24. gxf3 Nd2 25. Qg3 Qc6 26. Rfd1 Nxf3+ 27. Kf1 Re8 28. c4 Ne5 29. Qg2 Qa6 30. Qd5 Re6 31. Re1 Qa3 32. Kg2 Qb2 33. Rb1 Qc3 34. Re3 Qc2 35. Rbe1 Rf6 36. R1e2 1-0


[Site "https://www.chess.com"]

[Event "Titled Tuesday Blitz June 6 Early 2023"]
[White "Levitan, Caleb Levi"]
[Black "Tomaszewski, Kacper"]
[WhiteFideId "14332620"]
[BlackFideId "1127373"]
[WhiteElo "1963"]
[BlackElo "2211"]
[Result "0-1"]
[Round "2"]
[TimeControl "180+2"]
[Date "2023.06.06"]
[WhiteClock "0:00:10"]
[BlackClock "0:00:13"]
[Board "175"]

1. e4 e5 2. Nf3 Nc6 3. Bb5 a6 4. Ba4 Nf6 5. Qe2 b5 6. Bb3 Bc5 7. c3 d6 8. d3 O-O 9. Nbd2 Bb6 10. Nf1 Kh8 11. Ng3 Ng8 12. O-O h6 13. a4 Bd7 14. Be3 Na5 15. Bc2 c5 16. d4 Nc4 17. dxe5 dxe5 18. b3 Nxe3 19. Qxe3 c4 20. Qe2 cxb3 21. Bxb3 bxa4 22. Bxa4 Bg4 23. h3 Bxf3 24. Qxf3 Qf6 25. Qe2 Rfc8 26. c4 Bd4 27. Rab1 Ne7 28. Rb7 Ng6 29. Nf5 Nf4 30. Qg4 Bc5 31. Rd1 Rd8 32. Rdd7 Rxd7 33. Rxd7 Rb8 34. g3 Rb1+ 35. Rd1 h5 36. Qf3 Rxd1+ 37. Qxd1 Nxh3+ 38. Kg2 Nxf2 39. Qxh5+ Kg8 40. Qe2 g6 41. Nh6+ Kg7 42. Ng4 Nxg4 43. Qxg4 Qf2+ 44. Kh3 Qf1+ 45. Kh4 Be7+ 46. Qg5 Bxg5+ 47. Kxg5 Qf6+ 48. Kg4 Qe6+ 49. Kf3 Qxc4 50. Bd7 Qd3+ 51. Kg4 Qxd7+ 52. Kg5 f6+ 53. Kh4 g5+ 54. Kh5 Qh3# 0-1


[Site "https://www.chess.com"]

[Event "Titled Tuesday Blitz June 6 Early 2023"]
[White "Lehtosaari, Mauri"]
[Black "Sailer, Mike"]
[WhiteFideId "501999"]
[BlackFideId "2012901"]
[WhiteElo "2467"]
[BlackElo "2109"]
[Result "1-0"]
[Round "2"]
[TimeControl "180+2"]
[Date "2023.06.06"]
[WhiteClock "0:00:17"]
[BlackClock "0:00:01"]
[Board "176"]

1. d4 d5 2. Nf3 Nf6 3. Bg5 Bf5 4. c4 e6 5. Nc3 Nc6 6. e3 Bb4 7. Qb3 a5 8. cxd5 exd5 9. Bb5 O-O 10. O-O Bxc3 11. bxc3 Qd6 12. a4 Ne4 13. Bf4 Qe6 14. c4 Nb4 15. Bxc7 dxc4 16. Bxc4 Qe7 17. Bg3 Nxg3 18. hxg3 Rac8 19. Rac1 Rc7 20. Ne5 Rfc8 21. Bxf7+ Kh8 22. Rxc7 Rxc7 23. Bd5 h6 24. g4 Bc2 25. Qxc2 Nxc2 26. Ng6+ Kh7 27. Nxe7 Rxe7 28. Rc1 Nb4 29. Bf3 Kg6 30. Rc5 b6 31. Rc8 Kf6 32. Kh2 Nd3 33. Kg3 Re6 34. d5 Rd6 35. e4 Ke5 36. Re8+ Kd4 37. Be2 Nc5 38. f3 Nd7 39. Rd8 Kc5 40. Bb5 Ne5 41. Rxd6 Kxd6 42. f4 Nf7 43. Bc6 Nd8 44. e5+ Kc7 45. Bb5 Nb7 46. Kf3 Nc5 47. Ke3 Nb3 48. g3 1-0


[Site "https://www.chess.com"]

[Event "Titled Tuesday Blitz June 6 Early 2023"]
[White "Bullen, Alex"]
[Black "Hirneise, Jens"]
[WhiteFideId "1801627"]
[BlackFideId "24614734"]
[WhiteElo "2078"]
[BlackElo "2345"]
[Result "0-1"]
[Round "2"]
[TimeControl "180+2"]
[Date "2023.06.06"]
[WhiteClock "0:00:01"]
[BlackClock "0:00:35"]
[Board "177"]

1. a4 d5 2. Nf3 Nf6 3. e3 e6 4. b3 Be7 5. Bb2 O-O 6. h3 c5 7. Be2 Nc6 8. d4 cxd4 9. Nxd4 Bd7 10. O-O Rc8 11. c4 dxc4 12. Bxc4 Na5 13. Bd3 Nd5 14. Nd2 Bf6 15. Ba3 Re8 16. Rc1 Nc3 17. Qf3 Bc6 18. Nxc6 Rxc6 19. Bb5 Qxd2 20. Bxc6 Nxc6 21. Kh1 Qa2 22. Bd6 Qxb3 23. e4 Bd4 24. Rfd1 e5 25. Qf5 Nxd1 26. Qd7 Ra8 0-1


[Site "https://www.chess.com"]

[Event "Titled Tuesday Blitz June 6 Early 2023"]
[White "Khromkin, Andrey"]
[Black "agvania123"]
[WhiteFideId "4154126"]
[WhiteElo "2465"]
[BlackElo "2235"]
[Result "1-0"]
[Round "2"]
[TimeControl "180+2"]
[Date "2023.06.06"]
[WhiteClock "0:00:05"]
[BlackClock "0:00:01"]
[Board "178"]

1. d4 Nf6 2. c4 e6 3. Nf3 b6 4. g3 Bb7 5. Bg2 Bb4+ 6. Bd2 Bxd2+ 7. Qxd2 O-O 8. O-O d5 9. Ne5 Nbd7 10. Nc3 c5 11. Rfd1 cxd4 12. Qxd4 Rb8 13. cxd5 Nxd5 14. Nxd5 Bxd5 15. Bxd5 Nxe5 16. Qxe5 exd5 17. Rxd5 Qc8 18. Rad1 Re8 19. Qd4 h6 20. e3 Qe6 21. a4 Rbc8 22. Kg2 Rc2 23. Rd8 Qc6+ 24. Qd5 Rxd8 25. Qxc6 Rxc6 26. Rxd8+ Kh7 27. Rd7 Rc2 28. Rxf7 a5 29. Rb7 Rxb2 30. h4 Rb4 31. h5 Kg8 32. Kf3 Rxa4 33. Rxb6 Kf7 34. g4 Ra2 35. Ra6 a4 36. Kg3 Ra3 37. Kf4 Ra2 38. f3 a3 39. Kf5 Rf2 40. f4 a2 41. Ra7+ Kf8 42. e4 Rb2 43. e5 Rc2 44. e6 Re2 45. g5 hxg5 46. fxg5 Rf2+ 47. Kg6 Re2 48. Ra8+ Ke7 49. Kxg7 Re5 50. Kh6 Rxe6+ 51. g6 Re2 52. g7 Rg2 53. Kh7 Kf7 54. h6 Rg3 55. Ra7+ Kf6 56. g8=Q Rxg8 57. Kxg8 a1=Q 58. Rxa1 1-0


[Site "https://www.chess.com"]

[Event "Titled Tuesday Blitz June 6 Early 2023"]
[White "le-castor-faineant"]
[Black "Dushyant Sharma"]
[BlackFideId "25065130"]
[WhiteElo "2235"]
[BlackElo "2198"]
[Result "0-1"]
[Round "2"]
[TimeControl "180+2"]
[Date "2023.06.06"]
[WhiteClock "0:01:44"]
[BlackClock "0:02:12"]
[Board "179"]

1. e4 d5 2. exd5 Nf6 3. d4 Bg4 4. f3 Bf5 5. Bd3 Bxd3 6. Qxd3 Qxd5 7. Ne2 Nc6 8. O-O O-O-O 9. Be3 e6 10. c4 Qh5 11. Ng3 Qh4 12. Ne4 Ne5 13. Qc2 Nxe4 14. fxe4 Ng4 15. Bf4 Rxd4 16. h3 Bc5 17. Kh1 e5 18. Bh2 Ne3 19. Qf2 Qxf2 20. Rxf2 Rd1+ 21. Bg1 Ng4 0-1


[Site "https://www.chess.com"]

[Event "Titled Tuesday Blitz June 6 Early 2023"]
[White "Papayan, Oleg"]
[Black "mohsengabr2002"]
[WhiteFideId "4193911"]
[WhiteElo "2167"]
[BlackElo "2234"]
[Result "1-0"]
[Round "2"]
[TimeControl "180+2"]
[Date "2023.06.06"]
[WhiteClock "0:00:58"]
[BlackClock "0:02:13"]
[Board "180"]

1. e4 e6 2. d4 f6 3. Nc3 g6 4. Nf3 Nh6 5. h4 Nf7 6. h5 g5 7. Bc4 d6 8. Be3 c6 9. Qd2 d5 10. Bb3 g4 11. Nh2 f5 12. exf5 exf5 13. O-O-O Be7 14. f3 gxf3 15. Nxf3 Rg8 16. Rde1 Kf8 17. Bh6+ Nxh6 18. Qxh6+ Rg7 19. Kb1 Bg5 20. Nxg5 Qxg5 21. Qd6+ Re7 22. Qd8+ Kf7 23. Qxc8 Nd7 24. Qxa8 Nf6 25. Rxe7+ 1-0


[Site "https://www.chess.com"]

[Event "Titled Tuesday Blitz June 6 Early 2023"]
[White "Nikulina, Alena"]
[Black "LangesNasenhaar"]
[WhiteFideId "4172051"]
[WhiteElo "1608"]
[BlackElo "2460"]
[Result "0-1"]
[Round "2"]
[TimeControl "180+2"]
[Date "2023.06.06"]
[WhiteClock "0:00:04"]
[BlackClock "0:00:40"]
[Board "181"]

1. e4 d6 2. d4 Nf6 3. Nc3 Nbd7 4. Nf3 e5 5. Bc4 Be7 6. O-O c6 7. a4 h6 8. Qe2 Qc7 9. Be3 Nf8 10. Rfd1 g5 11. dxe5 dxe5 12. Bb3 Ng6 13. g3 Bg4 14. Qc4 O-O 15. Qe2 Kg7 16. Rd3 Nh5 17. Re1 f5 18. exf5 Rxf5 19. Bc1 Raf8 20. Be6 Bxf3 21. Rxf3 Rxf3 22. Bg4 Rxf2 23. Qxf2 Rxf2 24. Kxf2 Nf6 25. Bf3 Bb4 26. Bd2 Qb6+ 27. Kg2 g4 28. Be4 Qd4 29. Bxg6 Kxg6 30. Be3 Qd7 31. Bxa7 Bxc3 32. bxc3 Qd2+ 33. Kf1 Qxc2 34. c4 Qxh2 35. Re2 Qxg3 36. Rg2 Qf3+ 37. Rf2 Qd3+ 0-1


[Site "https://www.chess.com"]

[Event "Titled Tuesday Blitz June 6 Early 2023"]
[White "Samaganova, Aleksandra"]
[Black "Horak, Martin"]
[WhiteFideId "13800221"]
[BlackFideId "367095"]
[WhiteElo "1858"]
[BlackElo "2091"]
[Result "0-1"]
[Round "2"]
[TimeControl "180+2"]
[Date "2023.06.06"]
[WhiteClock "0:00:01"]
[BlackClock "0:00:05"]
[Board "182"]

1. c4 Nf6 2. Nc3 g6 3. g3 Bg7 4. Bg2 O-O 5. Nf3 d6 6. O-O Nc6 7. d3 e5 8. h3 h6 9. a3 a5 10. Rb1 Kh7 11. b4 axb4 12. axb4 Ne7 13. Ne1 Rb8 14. Nc2 b6 15. e4 Nc6 16. Ne3 Nd4 17. Kh2 b5 18. Ned5 c6 19. Nxf6+ Bxf6 20. Be3 Be6 21. cxb5 Nxb5 22. Ne2 d5 23. f4 dxe4 24. Bxe4 Bd5 25. Bc5 Re8 26. f5 g5 27. Qc1 Ra8 28. Qe3 Ra2 29. Rf2 Qd7 30. Rbf1 Rea8 31. h4 Rb2 32. hxg5 Bxg5 33. Qf3 f6 34. Qh5 Bf7 35. Qf3 Raa2 36. Rg1 Bd5 37. Rgg2 Qf7 38. Qg4 Bxe4 39. dxe4 Qc4 0-1


[Site "https://www.chess.com"]

[Event "Titled Tuesday Blitz June 6 Early 2023"]
[White "Escudero Donoso, Felipe"]
[Black "Sanhueza, Cristian"]
[WhiteFideId "3410595"]
[BlackFideId "116815"]
[WhiteElo "2184"]
[BlackElo "2174"]
[Result "0-1"]
[Round "2"]
[TimeControl "180+2"]
[Date "2023.06.06"]
[WhiteClock "0:00:07"]
[BlackClock "0:00:56"]
[Board "183"]

1. d4 Nf6 2. Nf3 g6 3. c4 Bg7 4. Nc3 O-O 5. e4 d6 6. Be2 e5 7. Be3 exd4 8. Nxd4 Re8 9. f3 Nc6 10. Bf2 Nh5 11. O-O Nf4 12. Nxc6 bxc6 13. Re1 Rb8 14. Rb1 Qg5 15. Bg3 h5 16. Qc1 Bd4+ 17. Kh1 Be5 18. Bf1 h4 19. Bf2 Be6 20. Ne2 Qf6 21. Nxf4 Bxf4 22. Be3 Be5 23. b3 Bd4 24. Bg5 Qe5 25. Bxh4 Kg7 26. Bg3 Qxg3 27. Rd1 Rh8 0-1


[Site "https://www.chess.com"]

[Event "Titled Tuesday Blitz June 6 Early 2023"]
[White "Principe, Alexander"]
[Black "Larina, Maria"]
[WhiteFideId "3804542"]
[BlackFideId "24113182"]
[WhiteElo "2203"]
[BlackElo "1848"]
[Result "1-0"]
[Round "2"]
[TimeControl "180+2"]
[Date "2023.06.06"]
[WhiteClock "0:00:16"]
[BlackClock "0:00:07"]
[Board "184"]

1. e4 c6 2. d4 d5 3. Nc3 dxe4 4. Nxe4 Nf6 5. Nxf6+ exf6 6. c3 Bd6 7. Bd3 O-O 8. Qc2 Re8+ 9. Ne2 h5 10. Bd2 Nd7 11. O-O-O Nf8 12. Rde1 Be6 13. Nf4 Bxf4 14. Bxf4 Qd5 15. b3 a5 16. Be4 Qd7 17. f3 a4 18. b4 Ng6 19. Bd2 f5 20. Bd3 Qd5 21. Kb1 b6 22. Re2 c5 23. Rhe1 cxd4 24. c4 Qd6 25. a3 Rec8 26. Kb2 b5 27. c5 Qd5 28. Rxe6 fxe6 29. Bxb5 Ne5 30. Bf4 Nc6 31. Bc4 Qd8 32. Bxe6+ Kh8 33. Qxf5 Qh4 34. Bg3 Qf6 35. Qxh5+ Qh6 36. Qxh6+ gxh6 37. Bxc8 Rxc8 38. Re6 Kg7 39. Rd6 h5 40. b5 Na5 41. Rxd4 Rxc5 42. Rb4 Nc4+ 43. Ka2 Ne3 44. b6 Nd1 45. Be5+ Kf7 46. b7 Rc2+ 47. Kb1 Re2 48. b8=Q Nc3+ 49. Bxc3 1-0


[Site "https://www.chess.com"]